cohdb
Replays
Latest Replays
All Replays
Popular Replays
Top Player Replays
Match Explorer
How It Works
Community
CoH3 Stats
Reddit
Sign in to upload your games and track your stats! →
Sign in with Steam
Match 44703407
Unlisted
Match 44703407
Overview
Messages
Build Orders
End
Royal Engineer Section
Construct Section Command Post
Selects Canadian Shock Battlegroup
Dingo Light Scout Car
ML 3-inch Mortar Team
Infantry Section
Grenade Package
Selects Attacking Spirit
Selects Canadian Shock Section
Canadian Shock Section
Selects Incendiary Munitions
Construct Platoon Command Post
Humber Armored Car
Humber Armored Car
Selects Pyrotechnics
Light Vehicle Training
Light Vehicle Training
6-pounder Anti-tank Gun Team
Construct Company Command Post
Crusader II Medium Tank
Crusader II Medium Tank
Selects Churchill Crocodile Heavy Tank
Crusader II Medium Tank
Gwangju's Hero Chun Doo-gwang
함대신호소
Marijuana
Vergil
kultiras
C🐑
0
0
Comments
sign in to comment!
No comments posted yet!